Map: Backwater LE

Players

protz - Winner!

  • Race: Zerg Zerg
  • League: Gold
  • Spawn Location: 5:00

Kozzy

  • Race: Protoss Protoss
  • League: Gold
  • Spawn Location: 11:00

VOD

Have the link to the VOD?

Description

Time

  • Played on: April 4, 2018, 1:53 a.m.
  • Length: 7:17
Show
View Real Time Build Order
Export as new Build Order

protz Zerg - Winner!

Build Orders: Hatch First 

Get SALT Encoding   

  12  0:01  Drone  
  13  0:13  Overlord  
  13  0:18  Drone  
  14  0:31  Drone  
  14  0:32  Drone  
  16  0:38  Drone  
  17  0:55  Hatchery  
  16  0:57  Drone  
  17  1:11  Spawning Pool  
  16  1:13  Drone  
  16  1:16  Extractor  
  16  1:18  Drone  
  16  1:25  Drone  
  18  1:42  Drone  
  18  1:45  Overlord  
  19  2:03  Zergling x2  
  19  2:04  Queen, Zergling x2  
  23  2:11  Drone, Queen  
  27  2:15  Drone  
  27  2:21  Zergling x2  
  28  2:31  Metabolic Boost  
  28  2:47  Drone x2, Queen  
  28  2:48  Roach Warren  
  31  3:16  Drone x5  
  36  3:24  Zergling x2  
  34  3:54  Drone x2  
  34  3:55  Overlord x4  
  36  4:06  Hatchery  
  35  4:10  Extractor  
  35  4:14  Lair  
  34  4:41  Drone x2  
  34  4:42  Drone x3, Roach x2  
  34  4:43  Roach x2  
  47  4:57  Evolution Chamber  
  46  5:02  Baneling Nest  
  46  5:03  Drone x2  
  46  5:04  Drone x5  
  52  5:14  Roach x2  
  56  5:21  Queen  
  51  5:38  Roach  
  51  5:39  Roach x5  
  56  5:46  Roach x3  
  57  5:57  Roach  
  57  5:58  Roach x5  
  57  5:59  Queen  
  71  6:25  Extractor  
  64  6:29  Queen  
  64  6:39  Roach x2  
  70  6:40  Roach x3  
  70  6:41  Overlord  
Show
View Real Time Build Order
Export as new Build Order

Kozzy Protoss 

Build Orders:  

Get SALT Encoding   

  12  0:01  Probe  
  13  0:13  Probe  
  14  0:18  Pylon  
  14  0:25  Probe  
  15  0:37  Probe  
  15  0:38  Gateway  
  16  0:48  Assimilator  
  16  0:49  Probe (Chrono Boost)  
  17  1:01  Probe (Chrono Boost), Assimilator  
  18  1:13  Pylon  
  18  1:25  Cybernetics Core  
  18  1:35  Pylon  
  18  1:42  Probe (Chrono Boost)  
  19  1:49  Forge  
  19  1:52  Probe (Chrono Boost)  
  20  1:57  Probe (Chrono Boost)  
  21  2:13  Warp Gate  
  21  2:15  Probe  
  22  2:20  Pylon  
  22  2:24  Protoss Ground Weapons Level 1 (Chrono Boost)  
  22  2:25  Shield Battery  
  22  2:27  Probe  
  23  2:34  Zealot  
  25  2:54  Gateway  
  25  3:00  Photon Cannon  
  27  3:08  Stalker (Chrono Boost)  
  26  3:41  Gateway  
  26  3:57  Gateway  
  26  3:58  Pylon  
  26  4:30  Stalker x2  
  30  4:37  Stalker  
  32  4:49  Pylon  
  32  4:52  Pylon  
  32  4:56  Gateway  
  32  4:58  Zealot x3  
  38  5:00  Zealot  
  34  5:41  Stalker x2  
  34  5:42  Stalker x2  
  30  6:05  Stalker x2  
  30  6:06  Stalker x2  
  30  6:09  Stalker  
  36  6:37  Stalker x3  
  36  6:38  Stalker  
  40  6:42  Stalker  
Tags
 
League
GoldGold
Matchup
PvZ
Spawn Locations
Cross Positions
Add a new tag
Caveats
  • Supply blocks, unpowered buildings, or Contaminate may cause inaccurate times.
  • Supply counts are checked every 10 seconds.